 Dungeon Crawl Stone Soup version 0.18.1-5-g4a78601 (webtiles) character file.

186 Guinours the Ruffian (level 5, -2/33 HPs)
             Began as a Gargoyle Monk on May 13, 2016.
             Was a Believer of Qazlal.
             Killed from afar by Natasha (7 damage)
             ... with a magic dart
             ... on level 4 of the Dungeon.
             The game lasted 00:12:17 (3140 turns).

Guinours the Ruffian (Gargoyle Monk)                Turns: 3140, Time: 00:12:17

Health: -2/33      AC:  6    Str: 14    XL:     5   Next: 66%
Magic:  5/5        EV: 13    Int: 11    God:    Qazlal [**....]
Gold:   184        SH:  2    Dex: 13    Spells: 0 memorised, 4 levels left

rFire  . . .     SeeInvis .       - Unarmed
rCold  . . .     Gourm    .     a - +0 robe
rNeg   + . .     Faith    .     (no shield)
rPois  ∞         Spirit   .     (no helmet)
rElec  +         Dismiss  .     (no cloak)
rCorr  .         Reflect  .     (no gloves)
SustAt .         Harm     .     (no boots)
MR     .....                    (no amulet)
Stlth  ++........               (no ring)
                                q - ring of poison resistance

@: not resistant to hostile enchantments, unstealthy
A: negative energy resistance 1, electricity resistance, unbreathing,
petrification resistance, rot immunity, AC +4
a: Upheaval, Renounce Religion


You were on level 4 of the Dungeon.
You worshipped Qazlal.
Qazlal was pleased with you.
You were not hungry.

You visited 1 branch of the dungeon, and saw 4 of its levels.

You collected 184 gold pieces.

Inventory:

Hand Weapons
 h - a +0 short sword
Missiles
 d - 122 stones (quivered)
 f - 55 sling bullets
Armour
 a - a +0 robe (worn)
Jewellery
 q - a ring of poison resistance (left hand)
Scrolls
 e - a scroll of enchant weapon
 i - 4 scrolls of identify
 j - 3 scrolls of teleportation
 p - a scroll of remove curse
 r - 2 scrolls of fog
 s - a scroll of amnesia
Potions
 l - a potion of mutation {unknown}
 m - a potion of heal wounds {unknown}
 o - 2 potions of curing {unknown}
Comestibles
 b - 6 bread rations
 c - 5 fruits
 g - 2 beef jerkies
 k - 2 chunks of flesh
 n - 2 meat rations


   Skills:
 + Level 4.0 Fighting
 + Level 3.7 Dodging
 + Level 3.8 Stealth
 + Level 4.5 Unarmed Combat


You had 4 spell levels left.
You didn't know any spells.

Dungeon Overview and Level Annotations

Branches:
Dungeon (4/15)
 Temple: D:4-7

Altars:
Kikubaaqudgha
Qazlal

Annotations:
D:4 Natasha


Innate Abilities, Weirdness & Mutations

You are resistant to torment.
Your stone body is resilient (AC +4).
You are immune to poison.
You resist negative energy.
You are resistant to electric shocks.
You can survive without breathing.
You are immune to petrification.
You are immune to rotting.


Message History

There is a stone staircase leading up here.
You start resting.
You hear an angry hiss.
Natasha, Servant of Life and Death comes into view.
Natasha is nearby!
Natasha mumbles some strange words.
Natasha glows brightly for a moment.
A centaur skeleton comes into view.
You hit Natasha.
Natasha is moderately wounded.
Natasha mumbles some strange words.
You punch Natasha!
Natasha is severely wounded.
Natasha casts a spell at you. The magic dart hits you!
* * * LOW HITPOINT WARNING * * *
The crimson imp blinks!
Natasha stares at you and mumbles some strange words.
The magic dart hits you!
You die...

#......#
#......###.#
#..........#
#####.###.##
#....# #
#.#### #.#
######.#
#..h.@5#
#Z###### #<#
#...# ##..#
##.. Z..
##.. ##


You could see Natasha, a crimson imp and a centaur skeleton.

Vanquished Creatures
  Natasha (D:4)
  A hound skeleton (D:3)
  7 adders
  2 worms
  A dart slug (D:3)
  4 giant geckos
  An orc (D:3)
  4 bat zombies (D:3)
  4 giant cockroaches
  9 hobgoblins
  4 jackals (D:3)
  5 kobolds
  A quokka (D:3)
  A ball python (D:2)
  5 bats
  8 giant newts
  9 goblins
  8 rats
  A rat zombie (D:3)
76 creatures vanquished.

Notes
Turn   | Place    | Note
--------------------------------------------------------------
     0 | D:1      | Guinours the Gargoyle Monk began the quest for the Orb.
     0 | D:1      | Reached XP level 1. HP: 14/14 MP: 1/1
   598 | D:1      | Reached XP level 2. HP: 14/19 MP: 2/2
  1085 | D:1      | Reached XP level 3. HP: 22/24 MP: 3/3
  1775 | D:2      | Reached XP level 4. HP: 29/29 MP: 4/4
  2298 | D:3      | Found an ancient bone altar of Kikubaaqudgha.
  2554 | D:3      | Reached XP level 5. HP: 32/33 MP: 5/5
  2589 | D:3      | Found a stormy altar of Qazlal.
  2610 | D:3      | Became a worshipper of Qazlal Stormbringer
  2610 | D:3      | Reached * piety under Qazlal
  2610 | D:3      | Reached ** piety under Qazlal
  3055 | D:4      | Noticed Natasha
  3061 | D:4      | Killed Natasha
  3133 | D:4      | Noticed Natasha
  3140 | D:4      | Killed from afar by Natasha

Skill      XL: |  1  2  3  4 |
---------------+-------------+-----
Dodging        | 3 |  3.7
Stealth        | 3 |  3.8
Fighting       | 4 |  4.0
Unarmed Combat | |  4.5

Action                   |  1- 3 |  4- 6 || total
-------------------------+-------+-------++-------
Melee: Unarmed           |   144 |   160 ||   304
       Punch             |     2 |     2 ||     4
Invok: Upheaval          |       |     1 ||     1
  Use: Scroll            |     5 |     2 ||     7
 Stab: Sleeping          |     5 |     5 ||    10
       Distracted        |     1 |       ||     1
  Eat: Chunk             |     2 |     5 ||     7
Armor: Robe              |    49 |    43 ||    92
Dodge: Dodged            |    92 |    90 ||   182
Block: Other             |       |     5 ||     5
